 Dungeon Crawl Stone Soup version 0.22-a0-247-gbddf880 (webtiles) character file.

144 b5mith the Skirmisher (level 5, -5/47 HPs)
             Began as a Minotaur Berserker on Feb 24, 2018.
             Was a Believer of Trog.
             Killed by divine providence
             ... invoked by an orc priest
              (9 damage)
             ... on level 4 of the Dungeon.
             The game lasted 00:04:32 (1840 turns).

b5mith the Skirmisher (Minotaur Berserker)          Turns: 1840, Time: 00:04:32

Health: -5/47      AC:  7    Str: 22    XL:     5   Next: 5%
Magic:  13/13      EV: 12    Int:  9    God:    Trog [**....]
Gold:   149        SH:  0    Dex: 10    Spells: 4/4 levels left

rFire    . . .     SeeInvis .   a - +0 falchion
rCold    . . .     Gourm    +   (no shield)
rNeg     . . .     Faith    .   e - -1 ring mail (curse)
rPois    .         Spirit   .   (helmet restricted)
rElec    .         Reflect  .   p - +0 cloak
rCorr    .         Harm     .   (no gloves)
MR       .....                  o - +0 pair of boots
Stlth    ..........             q - amulet of the gourmand
HPRegen  0.15/turn              g - ring of magical power
MPRegen  0.13/turn              r - ring of wizardry

@: brilliant
A: retaliatory headbutt, horns 2
a: Berserk, Trog's Hand, Renounce Religion


You were on level 4 of the Dungeon.
You worshipped Trog.
Trog was pleased with you.
You were completely stuffed.

You visited 1 branch of the dungeon, and saw 4 of its levels.

You collected 149 gold pieces.

Inventory:

Hand Weapons
 a - a +0 falchion (weapon)
Armour
 b - a +0 animal skin
 e - a cursed -1 ring mail (worn)
 o - a +0 pair of boots (worn)
 p - a +0 cloak (worn)
Jewellery
 g - a ring of magical power (left hand)
 q - an amulet of the gourmand (around neck)
 r - a ring of wizardry (right hand)
Wands
 x - a wand of paralysis (6)
 y - a wand of flame (28)
Scrolls
 d - a scroll of teleportation {unknown}
 f - 2 scrolls of fog {unknown}
 h - a scroll of noise {unknown}
 j - 3 scrolls of blinking {unknown}
 l - 2 scrolls of identify {unknown}
 n - a scroll of enchant armour {unknown}
Potions
 i - a potion of flight {unknown}
 k - a potion of brilliance
 m - a potion of might {unknown}
 s - a potion of cancellation {unknown}
 t - a potion of agility {unknown}
 u - a potion of heal wounds {unknown}
 v - a potion of haste {unknown}
Comestibles
 c - 5 rations
 w - 2 chunks of flesh


   Skills:
 + Level 4.7 Fighting
 + Level 4.6 Long Blades
 + Level 3.7 Armour
 + Level 3.4 Dodging


You had 4 spell levels left.
You didn't know any spells.

Dungeon Overview and Level Annotations

Branches:
Dungeon (4/15)
 Temple: D:4-7

Altars:
Ashenzari
Sif Muna
Vehumet

Annotations:
D:4 1 transporter, Natasha


Innate Abilities, Weirdness & Mutations

You reflexively headbutt those who attack you in melee.
You have a pair of horns on your head.


Message History

The shadow imp gestures at you. Pain shoots through your body!
* * * LOW HITPOINT WARNING * * *
You hit the plant.
The plant is lightly damaged.
You hit the plant but do no damage.
The plant is lightly damaged.
The shadow imp gestures at you. Pain shoots through your body!
* * * LOW HITPOINT WARNING * * *
It was a potion of brilliance.
You feel clever all of a sudden.
The orc priest calls down the wrath of Beogh upon you.
Pain shoots through your body!
* * * LOW HITPOINT WARNING * * *
Natasha mumbles some strange words.
You feel disoriented.
The orc priest invokes the aid of Beogh against you.
Beogh smites you!
You die...

............##..# .#.
......#####.#...#####.. ..
..............$.......# ...
................h.....##....
.....###############...#....
.....#8P#.....55#P8#........
.....#P.#≈≈≈≈≈≈≈#.P#........
.....#$.#..≈≈P..#..#...........#.
.#..©#©"+..≈⌠P..@.©#©..........>.
##...#$.#..≈≈P..#..#...........##
#....#P.#≈≈≈≈≈≈≈#.P#..>..........
#.#..#8P#.....5o#P8#...........#
..#..###############...........##
.##..............................
.##..##..........................
.###.#.....................!..##.
.# #...<............#####.....#


You could see an orc priest, Natasha and 3 shadow imps.

Vanquished Creatures
  Natasha (D:4)
  4 adders (D:2)
  2 oozes
  2 worms (D:2)
  4 dart slugs
  2 leopard geckos
  An orc (D:3)
  3 giant cockroaches
  7 goblins
  6 hobgoblins
  3 jackals (D:1)
  5 kobolds
  A quokka (D:3)
  A ball python (D:1)
  8 bats
  3 frilled lizards
  5 rats
58 creatures vanquished.

Notes
Turn   | Place    | Note
-------+----------+-------------------------------------------
     0 | D:1      | b5mith the Minotaur Berserker began the quest for the Orb.
     0 | D:1      | Reached XP level 1. HP: 19/19 MP: 0/0
    62 | D:1      | Reached XP level 2. HP: 27/27 MP: 1/1
   574 | D:1      | Reached XP level 3. HP: 33/33 MP: 2/2
   699 | D:2      | Reached ** piety under Trog
   722 | D:2      | Reached XP level 4. HP: 41/41 MP: 3/3
  1033 | D:2      | Found a shattered altar of Ashenzari.
  1264 | D:2      | Found a radiant altar of Vehumet.
  1537 | D:3      | You fall through a shaft!
  1537 | D:4      | Found a transporter.
  1731 | D:4      | Found a deep blue altar of Sif Muna.
  1767 | D:4      | Noticed Natasha
  1774 | D:4      | Killed Natasha
  1774 | D:4      | Reached XP level 5. HP: 40/47 MP: 4/4
  1791 | D:4      | Found a transporter.
  1817 | D:4      | Noticed Natasha
  1840 | D:4      | Killed from afar by an orc priest

Vault maps used:
D:1:      dpeg_arrival_oval, minmay_misc_feat_rows
D:2:      lemuel_round_altar, overflow_temple_1_default,
          small_statue_intersection
D:3:      grunt_temple_overflow_opulence, minivault_27,
          kennysheep_generic_room_9, uniq_terence
D:4:      gammafunk_wand_slinger, led_sif_book, uniq_crazy_yiuf_cottage,
          uniq_natasha

Skill      XL: |  1  2  3  4 |
---------------+-------------+-----
Long Blades    | 4 |  4.6
Fighting       | 4 |  4.7
Armour         | 3 |  3.7
Dodging        | 3 |  3.4

Action                   |  1- 3 |  4- 6 || total
-------------------------+-------+-------++-------
Melee: Falchion          |    44 |    68 ||   112
       Headbutt          |     6 |    11 ||    17
  Use: Potion            |       |     1 ||     1
  Eat: Chunk             |       |    16 ||    16
Armor: Ring mail         |    10 |    21 ||    31
Dodge: Dodged            |    37 |    35 ||    72
       Rpst.: Falchion   |     8 |     7 ||    15

Table legend:
 A = Spawn XP
 B = Non-spawn XP
 C = Spawn XP percentage of total XP
 D = Spawn monster count
 E = Non-spawn monster count
 F = Spawn count percentage of total count
 G = Total turns spent on level
                    A         B        C        D         E        F      G
               +---------+---------+-------+---------+---------+-------+---------
         Total |       0 |     206 |   0.0 |       0 |      58 |   0.0 |  1840
               +---------+---------+-------+---------+---------+-------+---------
           D:1 |       0 |      43 |   0.0 |       0 |      19 |   0.0 |   642
           D:2 |       0 |     108 |   0.0 |       0 |      26 |   0.0 |   723
           D:3 |       0 |      17 |   0.0 |       0 |      10 |   0.0 |   172
           D:4 |       0 |      38 |   0.0 |       0 |       3 |   0.0 |   303
               +---------+---------+-------+---------+---------+-------+---------
